 Dungeon Crawl Stone Soup version 0.28.0-53-g5a82cb258f (webtiles) character file.

Game seed: 7435779055806680800

165 issech the Chopper (level 5, -1/47 HPs)
             Began as a Minotaur Monk on May 24, 2022.
             Killed from afar by an orc wizard (3 damage)
             ... with a puff of flame
             ... on level 3 of the Dungeon.
             The game lasted 00:10:04 (3249 turns).

issech the Chopper (Minotaur Monk)                  Turns: 3249, Time: 00:10:05

Health: -1/47      AC:  8    Str: 16    XL:     5   Next: 21%
Magic:  4/4        EV:  8    Int:  7    God:
Gold:   151        SH:  0    Dex: 14    Spells: 4/4 levels left

rFire   + . .      SeeInvis .   r - +1 short sword (freeze)
rCold   . . .      Faith    .   (no shield)
rNeg    . . .      Spirit   .   i - +0 chain mail
rPois   .          Reflect  .   (helmet restricted)
rElec   .          Harm     .   k - scarf {+Inv}
rCorr   +          Rampage  .   (no gloves)
Will    .....                   (no boots)
Stlth   ..........              (no amulet)
HPRegen 0.15/turn               l - ring of protection from fire
MPRegen 0.09/turn               m - ring of resist corrosion

@: no status effects
A: horns 2, retaliatory headbutt
a: Evoke Invisibility


You were on level 3 of the Dungeon.
You visited 1 branch of the dungeon, and saw 4 of its levels.

You collected 151 gold pieces.

Inventory:

Hand Weapons
 b - a +0 hand axe
 r - a +1 short sword of freezing (weapon)
 x - a +0 rapier
Missiles
 e - 9 stones (quivered)
 g - 32 bolts
 v - 38 sling bullets
 w - 23 arrows
Armour
 i - a +0 chain mail (worn)
 k - a scarf of invisibility (worn)
 s - a scarf of harm
Jewellery
 l - a ring of protection from fire (left hand)
 m - a ring of resist corrosion (right hand)
Scrolls
 c - 4 scrolls of identify {unknown}
 d - a scroll of teleportation {unknown}
 f - a scroll of amnesia {unknown}
 o - a scroll of blinking {unknown}
 p - a scroll of noise {unknown}
Potions
 h - a potion of haste {unknown}
 n - a potion of curing {unknown}


   Skills:
 + Level 4.4 Fighting
 + Level 0.6 Short Blades
 + Level 5.3 Axes
 + Level 2.0 Armour
 + Level 4.1 Dodging
 + Level 1.9 Stealth


You had 4 spell levels left.
You didn't know any spells.
Your spell library contained the following spells:

 Spells                   Type           Power      Damage    Failure   Level
 Magic Dart               Conj           0%         1d3       100%        1
 Call Imp                 Summ           0%         N/A       100%        2
 Ignite Poison            Fire/Tmut/Pois 0%         N/A       100%        3
 Mephitic Cloud           Conj/Pois/Air  0%         N/A       100%        3
 Freezing Cloud           Conj/Ice/Air   0%         6-21      100%        5


Dungeon Overview and Level Annotations

Branches:
Dungeon (4/15)
 Temple: D:4-7

Altars:

Shops:
D:1 =   D:2 [

Annotations:
D:3 Natasha


Innate Abilities, Weirdness & Mutations

You have a pair of horns on your head.
You reflexively headbutt those who attack you in melee.


Message History

You hear some strange, mumbled words.
A puff of flame appears from out of thin air!
Deactivating autopickup; reactivate with Ctrl-A.
The puff of flame hits you. You resist.
* * * LOW HITPOINT WARNING * * *
The orc wizard barely misses you.
You barely miss the orc wizard.
The orc wizard is moderately wounded.
Something hits you but does no damage. The orc wizard barely misses you.
You barely miss the orc wizard.
The orc wizard is moderately wounded.
Something hits you but does no damage.
The orc wizard hits you but does no damage.
You closely miss the orc wizard. You headbutt the orc wizard.
The orc wizard is severely wounded.
Something hits you but does no damage.
The orc wizard casts a spell.
The orc wizard flickers and vanishes!
You barely miss something.
Something hits you but does no damage. x2
You closely miss something. Something hits you but does no damage.
Something hits you.
* * * LOW HITPOINT WARNING * * *
Something hits you.
* * * LOW HITPOINT WARNING * * *
You hear some strange, mumbled words.
A puff of flame appears from out of thin air!
The puff of flame hits you. You resist.
* * * LOW HITPOINT WARNING * * *
Natasha mumbles some strange words.
A puff of flame appears from out of thin air!
The puff of flame hits something.
A magic dart appears from out of thin air!
The magic dart hits something.
An orc wizard appears from thin air!
Reactivating autopickup.
The orc wizard casts a spell at you. You resist with some effort.
The orc wizard casts a spell at you. The puff of flame hits you. You resist.
You die...

.....................#
#.#######
.............###.#####
#.....### ...........#.# #.#
#..##.#.. ############.###.#
###..##.#.# #..##.# #...<.....#
##.##.# ###..###### #.##.#
####......## #.##.#
#.........## #..#@#
####..###<## ############.#.#
#..###.## #............#.#
####......## #............#o#
#.....###### #..............#
#####÷###### #.............{#
#..........
#..............######..........
#
#.............5...............†
#
#............#.######..........


You could see an orc wizard and a shadow imp (summoned).

Vanquished Creatures
  Natasha (twice) (D:3)
  3 adders
  3 worms (D:3)
  5 orcs
  3 ball pythons
  4 bats
  8 endoplasms
  6 giant cockroaches
  7 goblins
  3 hobgoblins (D:4)
  6 jackals
  7 quokkas
  5 frilled lizards
  4 kobolds
  4 rats
70 creatures vanquished.

Notes
Turn   | Place    | Note
-------+----------+-------------------------------------------
     0 | D:1      | issech the Minotaur Monk began the quest for the Orb.
     0 | D:1      | Reached XP level 1. HP: 19/19 MP: 0/0
   158 | D:1      | Reached XP level 2. HP: 15/27 MP: 1/1
   318 | D:1      | Found Koreh's Jewellery Emporium.
   576 | D:1      | Reached skill level 4 in Axes
  1118 | D:2      | Found a faded altar of an unknown god.
  1124 | D:2      | Reached XP level 3. HP: 28/33 MP: 2/2
  1768 | D:2      | Found Faschi's Antique Armour Boutique.
  2114 | D:2      | Reached XP level 4. HP: 41/41 MP: 3/3
  2486 | D:3      | Noticed Natasha
  2493 | D:3      | Killed Natasha
  2494 | D:3      | Reached skill level 5 in Axes
  2870 | D:3      | Noticed Natasha
  2880 | D:3      | Killed Natasha
  2881 | D:3      | Reached skill level 1 in Armour
  2881 | D:3      | Reached XP level 5. HP: 23/47 MP: 4/4
  3233 | D:3      | Noticed Natasha
  3240 | D:3      | HP: 1/47 [something/puff of flame (2)]
  3249 | D:3      | Killed from afar by an orc wizard

Illustrated notes

Levels and vault maps discovered:
D:1:      minmay_arrival_five_plusses, layout_loops_cross, serial_shops,
          nicolae_square_shop
D:2:      layout_basic, serial_shops, shop,
          hellmonk_ecumenical_altar_dog_temple, patterned_corridor
D:3:      minmay_evil_eye, layout_basic, uniq_natasha
D:4:      layout_loops_ring, nicolae_vehumet_altar_sigil,
          gammafunk_temple_overflow_elements

Skill      XL: |  1  2  3  4  5 |
---------------+----------------+-----
Axes           | 4 5 |  5.3
Fighting       | 4 |  4.4
Dodging        | 4 |  4.1
Armour         | 1 2 |  2.0
Short Blades   | |  0.6
Stealth        | |  1.9

Action                   |  1- 3 |  4- 6 || total
-------------------------+-------+-------++-------
Melee: Hand axe          |    94 |    17 ||   111
       Headbutt          |    19 |    15 ||    34
       Short sword       |       |    70 ||    70
       Punch             |       |     1 ||     1
Throw: Stone             |     1 |       ||     1
Armor: Robe              |    12 |       ||    12
       Ring mail         |    16 |     2 ||    18
       Leather armour    |     4 |       ||     4
       Chain mail        |       |    55 ||    55
Dodge: Dodged            |    65 |    30 ||    95
